 Dungeon Crawl Stone Soup version 0.30-a0-918-g0ff054e9dc (webtiles) character file.

Game seed: 8083804358079326773

1497 HoaS the Skirmisher (level 9, -3/61 HPs)
             Began as a Formicid Hunter on Mar 20, 2023.
             Slain by Duvessa
             ... wielding a +0 short sword
              (15 damage)
             ... on level 7 of the Dungeon.
             The game lasted 00:12:21 (5654 turns).

HoaS the Skirmisher (Formicid Hunter)               Turns: 5654, Time: 00:12:21

Health: -3/61      AC:  9    Str: 16    XL:     9   Next: 8%
Magic:  9/9        EV: 12    Int:  9    God:
Gold:   135        SH:  6    Dex: 21    Spells: 8/8 levels left

rFire   . . .      SeeInvis +    a - +3 shortbow
rCold   + . .      Faith    .    p - +0 buckler
rNeg    . . .      Spirit   .    e - +1 robe {Will+}
rPois   .          Reflect  .    (helmet unavailable)
rElec   .          Rampage  .    r - +0 cloak
rCorr   .                        h - +1 pair of gloves
Will    +....                    d - +2 pair of boots of a bailey {SInv Stlth+}
Stlth   +++                      (no amulet)
HPRegen 0.30/turn                l - ring of protection from cold
MPRegen 0.11/turn                (no ring)

@: no status effects
A: permanent stasis, dig shafts and tunnels, antennae 3, four strong arms
a: Dig, Shaft Self


You were on level 7 of the Dungeon.
You visited 1 branch of the dungeon, and saw 7 of its levels.

You collected 232 gold pieces.
You spent 97 gold pieces at shops.

Inventory:

Hand Weapons
 a - a +3 shortbow (weapon)
Armour
 d - the +2 pair of boots of a bailey (worn) {SInv Stlth+}
   (You acquired it on level 2 of the Dungeon)

   SInv:      It lets you see invisible.
   Stlth:     It makes you more stealthy.
 e - a +1 robe of willpower (worn)
 h - a +1 pair of gloves (worn)
 p - a +0 buckler (worn)
 r - a +0 cloak (worn)
Jewellery
 l - a ring of protection from cold (left hand)
Wands
 c - a wand of roots (7)
 o - a wand of polymorph (9)
 q - a wand of light (12)
Scrolls
 b - a scroll of immolation
 m - 2 scrolls of magic mapping
Potions
 f - a potion of magic {unknown}
 g - 2 potions of attraction
 i - 3 potions of curing
 j - a potion of brilliance {unknown}
 k - 2 potions of lignification {unknown}
 n - a potion of ambrosia {unknown}
 s - a potion of might {unknown}


   Skills:
 - Level 2.1 Fighting
 * Level 10.7 Ranged Weapons
 - Level 1.7 Dodging
 - Level 1.2 Stealth
 - Level 5.0 Shields


You had 8 spell levels left.
You didn't know any spells.
Your spell library contained the following spells:

 Spells                   Type           Power      Damage    Failure   Level
 Apportation              Tloc           0%         N/A       43%         1
 Necrotise                Necr           0%         1d4       43%         1
 Summon Small Mammal      Summ           0%         N/A       43%         1
 Stone Arrow              Conj/Erth      0%         3d7       82%         3
 Animate Armour           Summ/Erth      0%         N/A       99%         4
 Animate Dead             Necr           0%         N/A       99%         4
 Haunt                    Necr/Summ      0%         N/A       100%        7
 Borgnjor's Revivificati  Necr           0%         N/A       100%        8
 Infestation              Necr           0%         N/A       100%        8
 Lehudib's Crystal Spear  Conj/Erth      0%         10d2      100%        8
 Necromutation            Tmut/Necr      0%         N/A       100%        8
 Death's Door             Necr           0%         N/A       100%        9


Dungeon Overview and Level Annotations

Branches:
Dungeon (7/15)
 Temple: D:4-7

Altars:
Elyvilon
Hepliaklqana
Xom

Shops:
D:2 (   D:4 ?

Annotations:
D:7 Duvessa


Innate Abilities, Weirdness & Mutations

You cannot be hasted, slowed, berserked, paralysed or teleported.
You can dig through walls and to a lower floor.
You have a pair of large antennae on your head. (SInv)
Your four strong arms can wield two-handed weapons with a shield.


Message History

You shoot an arrow. The arrow hits Dowan!
Dowan is heavily wounded.
You shoot an arrow. The arrow hits Dowan!
Dowan is almost dead.
You shoot an arrow. The arrow hits Dowan!
You kill Dowan!
Duvessa screams in rage.
Duvessa goes berserk!
You shoot an arrow. The arrow hits Duvessa.
Duvessa is lightly wounded.
You shoot an arrow.
The arrow hits Duvessa but does no damage.
Duvessa is lightly wounded.
Duvessa rages. x2
You shoot an arrow. The arrow hits Duvessa!
Duvessa is heavily wounded.
Duvessa barely misses you. You block Duvessa's attack.
You shoot an arrow.
The arrow hits Duvessa but does no damage.
Duvessa is heavily wounded.
Duvessa hits you with a +0 short sword.
You shoot an arrow.
The arrow hits Duvessa but does no damage.
Duvessa is heavily wounded.
Duvessa hits you with a +0 short sword. Duvessa hits you with a +0 short sword!
You shoot an arrow. The arrow hits Duvessa.
Duvessa is heavily wounded.
Duvessa hits you with a +0 short sword.
Okay, then.
You shoot an arrow. The arrow hits Duvessa!
Duvessa is severely wounded.
Duvessa hits you with a +0 short sword! x2
* * * LOW HITPOINT WARNING * * *
You shoot an arrow. The arrow hits Duvessa!
Duvessa is almost dead.
Duvessa hits you with a +0 short sword.
* * * LOW HITPOINT WARNING * * *
You feel better. You block Duvessa's attack.
Duvessa hits you with a +0 short sword!
You die...

.# .. .## .. .# #
###.#.#.#.
..########.[.......
...$)...e@.<.......
..########.##.....#
#.# .#..# #.# .. #
#.# #. #.# # #.#
#.. ###


You could see Duvessa (berserk).

Vanquished Creatures
  Sigmund (D:5)
  Menkaure (D:6)
  An ogre (D:4)
  A centaur (D:6)
  A gnoll sergeant (D:6)
  3 scorpions
  Dowan (D:7)
  A howler monkey (D:5)
  A jelly (D:5)
  An orc priest (D:4)
  Crazy Yiuf (D:5)
  A gnoll bouda (D:6)
  4 hounds
  2 iguanas
  3 sleepcaps
  Natasha (twice) (D:3)
  12 gnolls
  9 adders
  A white imp (D:5)
  2 worms
  6 dart slugs
  15 orcs
  2 ball pythons
  6 endoplasms
  2 giant cockroaches
  10 goblins
  7 hobgoblins
  11 kobolds
  2 quokkas (D:3)
  7 bats
  3 frilled lizards (D:1)
  8 rats
128 creatures vanquished.

Vanquished Creatures (others)
  2 fungi (D:5)
2 creatures vanquished.

Grand Total: 130 creatures vanquished

Notes
Turn   | Place    | Note
-------+----------+-------------------------------------------
     0 | D:1      | HoaS the Formicid Hunter began the quest for the Orb.
     0 | D:1      | Reached XP level 1. HP: 16/16 MP: 1/1
   145 | D:1      | Reached XP level 2. HP: 22/22 MP: 2/2
   382 | D:1      | Reached XP level 3. HP: 27/27 MP: 3/3
   400 | D:1      | Reached skill level 5 in Ranged Weapons
   441 | D:1      | Found a faded altar of an unknown god.
   676 | D:2      | Reached XP level 4. HP: 33/33 MP: 4/4
   871 | D:2      | Found a shimmering altar of Xom.
   886 | D:2      | Found Vihub's Antique Weapon Emporium.
   929 | D:2      | Identified a scroll of acquirement
   929 | D:2      | Acquired the +2 pair of boots of a bailey {SInv Stlth+}
  1024 | D:2      | Reached XP level 5. HP: 38/38 MP: 5/5
  1117 | D:2      | Reached skill level 6 in Ranged Weapons
  1736 | D:3      | Noticed Natasha
  1738 | D:3      | Killed Natasha
  1900 | D:3      | Noticed Natasha
  1909 | D:3      | Killed Natasha
  2218 | D:4      | Reached XP level 6. HP: 44/44 MP: 6/6
  2256 | D:4      | Reached skill level 7 in Ranged Weapons
  2290 | D:4      | Found a white marble altar of Elyvilon.
  2316 | D:4      | Found Atiag's Magic Scroll Emporium.
  2331 | D:4      | Bought a scroll of enchant weapon for 97 gold pieces
  2509 | D:4      | Noticed an ogre
  2522 | D:4      | Killed an ogre
  2523 | D:4      | Reached skill level 8 in Ranged Weapons
  2523 | D:4      | Reached XP level 7. HP: 48/50 MP: 7/7
  2700 | D:4      | Identified the amulet "Qurumo Owist" {Spirit Harm rF-
                  | rCorr}
  2986 | D:5      | Entered Level 5 of the Dungeon
  2992 | D:5      | Noticed Sigmund
  2998 | D:5      | Killed Sigmund
  3070 | D:5      | Reached skill level 9 in Ranged Weapons
  3070 | D:5      | Reached XP level 8. HP: 46/56 MP: 8/8
  3441 | D:5      | Found a hazy altar of Hepliaklqana.
  4144 | D:5      | Found a runed translucent door.
  4145 | D:5      | Noticed Crazy Yiuf
  4153 | D:5      | Killed Crazy Yiuf
  4681 | D:6      | Reached skill level 10 in Ranged Weapons
  4946 | D:6      | Noticed Menkaure
  4953 | D:6      | Killed Menkaure
  4954 | D:6      | Reached skill level 5 in Shields
  5245 | D:6      | Reached XP level 9. HP: 52/61 MP: 9/9
  5639 | D:7      | Noticed Duvessa
  5641 | D:7      | Noticed Dowan
  5645 | D:7      | Killed Dowan
  5653 | D:7      | HP: 2/61 [Duvessa/+0 short sword (6)]
  5654 | D:7      | Slain by Duvessa

Illustrated notes

Levels and vault maps discovered:
D:1:      dpeg_arrival_three_bigger_balls, layout_basic, basic_ecumenical_altar,
          minmay_close_crescents
D:2:      minmay_alternating_diamond, layout_basic, basic_altar, serial_shops,
          shop_fountains, grunt_ministairs_11, st_stairs_1
D:3:      layout_basic, hex_intersection, uniq_natasha
D:4:      layout_loops_ring, mainiacjoe_overflow_small_starburst, serial_shops,
          shop
D:5:      layout_basic, nicolae_hepliaklqana_hippocampus,
          uniq_crazy_yiuf_cottage, uniq_sigmund
D:6:      layout_basic, uniq_menkaure
D:7:      layout_loops_corners, minmay_temple_entry_sparse_star, uniq_joseph,
          uniq_duvessa

Skill      XL: |  1  2  3  4  5  6  7  8 |
---------------+-------------------------+-----
Ranged Weapons | 5 6 8 9 10 | 10.7
Shields        | 2 5 |  5.0
Fighting       | |  2.1
Dodging        | |  1.7
Stealth        | |  1.2

Action                     |  1- 3 |  4- 6 |  7- 9 || total
---------------------------+-------+-------+-------++-------
   Fire: Shortbow          |    66 |   180 |   182 ||   428
Ability: Dig               |       |     1 |     2 ||     3
    Use: Scroll            |     4 |    10 |     4 ||    18
         Potion            |       |     2 |     1 ||     3
 Armour: Leather armour    |     8 |    24 |     2 ||    34
         Robe              |       |       |    13 ||    13
  Dodge: Dodged            |    20 |    57 |    37 ||   114
  Block: Buckler           |       |       |    13 ||    13

Table legend: (Time is in decaauts)
 A = Elapsed time spent in this place.
 B = Non-inter-level travel time spent in this place.
 C = Inter-level travel time spent in this place.
 D = Time resting spent in this place.
 E = Time spent auto-exploring this place.
 F = Levels seen in this place.
 G = Mean time per level.
                   A        B        C        D        E       F      G
               +--------+--------+--------+--------+--------+-----+--------+
         Total |   5723 |   5594 |    129 |    437 |   4190 |   7 |  817.6 |
       Dungeon |   5723 |   5594 |    129 |    437 |   4190 |   7 |  817.6 |
               +--------+--------+--------+--------+--------+-----+--------+

Top non-repeatable levels by time:
     D:6: 1427 daAuts
     D:5: 1229 daAuts
     D:3: 924 daAuts
     D:4: 822 daAuts
     D:2: 698 daAuts
     D:1: 601 daAuts
     D:7: 19 daAuts
